 Dungeon Crawl Stone Soup version 0.30.1-11-g7821555f0a (webtiles) character file.

Game seed: 358411483433904514

43 Vulpanium the Gusty (level 3, -4/24 HPs)
             Began as a Human Air Elementalist on Nov 28, 2023.
             Slain by Crazy Yiuf
             ... wielding a +2 quarterstaff of chaos
              (13 damage)
             ... on level 2 of the Dungeon.
             The game lasted 00:05:30 (1710 turns).

Vulpanium the Gusty (Human Air Elementalist)        Turns: 1710, Time: 00:05:31

Health: -4/24      AC:  2    Str:  8    XL:     3   Next: 82%
Magic:  1/6        EV: 17    Int: 17    God:
Gold:   27         SH:  0    Dex: 13    Spells: 6/7 levels left

rFire   . . .        f - staff of death
rCold   + . .        (no shield)
rNeg    + . .        a - +0 robe
rPois   .            (no helmet)
rElec   .            m - scarf {shadows}
rCorr   .            (no gloves)
SInv    .            (no boots)
Will    .....        (no amulet)
Stlth   ++           h - ring of protection from cold
HPRegen 0.24/turn    (no ring)
MPRegen 0.10/turn

%: no passive effects
@: agile, very slightly contaminated
A: no striking features
a: no special abilities


You were on level 2 of the Dungeon.
You visited 1 branch of the dungeon, and saw 2 of its levels.

You collected 27 gold pieces.

Inventory:

Hand Weapons
 c - a +0 dagger
Armour
 a - a +0 robe (worn)
 m - a scarf of shadows (worn)
Magical Staves
 f - a staff of death (weapon)
Jewellery
 h - a ring of protection from cold (left hand)
Scrolls
 d - 2 scrolls of teleportation {unknown}
 e - a scroll of identify
 o - a scroll of vulnerability {unknown}
Potions
 b - a potion of magic
 g - 2 potions of attraction
 i - a potion of curing {unknown}
 j - a potion of invisibility {unknown}
 k - a potion of might {unknown}
 l - a potion of ambrosia {unknown}
 n - a potion of resistance {unknown}
 p - 2 potions of heal wounds {unknown}


   Skills:
 + Level 0.8 Staves
 + Level 2.3 Dodging
 + Level 2.0 Stealth
 + Level 2.5 Spellcasting
 + Level 1.2 Conjurations
 + Level 3.5 Air Magic


You had 6 spell levels left.
You knew the following spells:

 Your Spells              Type           Power      Damage    Failure   Level
a - Shock                 Conj/Air       40%        1d5       7%          1

Your spell library contained the following spells:

 Spells                   Type           Power      Damage    Failure   Level
 Static Discharge         Conj/Air       20%        2-3/arc   11%         2
 Swiftness                Air            14%        N/A       13%         3
 Airstrike                Air            7%         2d(1-17)  41%         4


Dungeon Overview and Level Annotations

Branches:
Dungeon (2/15)

Altars:
Fedhas

Shops:
D:1 (

Annotations:
D:2 Crazy Yiuf


Message History

The zap hits Crazy Yiuf.
Crazy Yiuf is moderately wounded.
Crazy Yiuf misses you.
Unknown command.
Casting: Shock (safe; 7% risk of failure)
Confirm with . or Enter, or press ? or * to list all spells.
Aiming: Shock (safe; 7% risk of failure)
Press: ? - help, Shift-Dir - straight line, f/p - Crazy Yiuf
Aim: Crazy Yiuf, wielding a +2 quarterstaff of chaos and wearing a +0 cloak (moderately wounded, 72% to hit)
The zap hits Crazy Yiuf.
Crazy Yiuf is moderately wounded.
Crazy Yiuf misses you.
Casting: Shock (safe; 7% risk of failure)
Confirm with . or Enter, or press ? or * to list all spells.
Aiming: Shock (safe; 7% risk of failure)
Press: ? - help, Shift-Dir - straight line, f/p - Crazy Yiuf
Aim: Crazy Yiuf, wielding a +2 quarterstaff of chaos and wearing a +0 cloak (moderately wounded, 72% to hit)
You miscast Shock.
You are very lightly contaminated with residual magic.
Nothing appears to happen.
Crazy Yiuf closely misses you.
Casting: Shock (safe; 7% risk of failure)
Confirm with . or Enter, or press ? or * to list all spells.
Aiming: Shock (safe; 7% risk of failure)
Press: ? - help, Shift-Dir - straight line, f/p - Crazy Yiuf
Aim: Crazy Yiuf, wielding a +2 quarterstaff of chaos and wearing a +0 cloak (moderately wounded, 72% to hit)
The zap hits Crazy Yiuf.
Crazy Yiuf is heavily wounded.
Crazy Yiuf closely misses you.
You hit Crazy Yiuf.
Crazy Yiuf is heavily wounded.
Crazy Yiuf says, "Prologue!"
Crazy Yiuf closely misses you.
You closely miss Crazy Yiuf.
Crazy Yiuf is heavily wounded.
Crazy Yiuf hits you with a +2 quarterstaff of chaos!
You hit Crazy Yiuf.
Crazy Yiuf is severely wounded.
Crazy Yiuf hits you with a +2 quarterstaff of chaos!
Ouch! That really hurt!
You die...

####.#..... #.#.....
#...._.. #####
###..... #..)#
#..... #...#
#########.## ...
#.........# #g#
#.######### ##@# #.#
#.## #.# ##.# #.#
#.## #.# ......
##.## #.# ......
#...## #.# ...(..
#..#.# #.# (....
#....# #.# ### ...#
##..#####.###.####.#


You could see Crazy Yiuf.

Vanquished Creatures
  An adder (D:2)
  A dart slug (D:1)
  5 ball pythons
  An endoplasm (D:1)
  7 giant cockroaches (D:2)
  3 goblins (D:1)
  A hobgoblin (D:2)
  2 quokkas
  A frilled lizard (D:1)
  4 kobolds
  3 rats
29 creatures vanquished.

Notes
Turn   | Place    | Note
-------+----------+-------------------------------------------
     0 | D:1      | Vulpanium the Human Air Elementalist began the quest for
                  | the Orb.
     0 | D:1      | Reached XP level 1. HP: 13/13 MP: 3/3
   226 | D:1      | Reached XP level 2. HP: 19/19 MP: 0/5
   852 | D:1      | Found Wyhes's Antique Weapon Shoppe.
  1006 | D:2      | Reached XP level 3. HP: 24/24 MP: 2/6
  1551 | D:2      | Found a runed translucent door.
  1552 | D:2      | Noticed Crazy Yiuf
  1618 | D:2      | Found a blossoming altar of Fedhas.
  1710 | D:2      | Slain by Crazy Yiuf

Illustrated notes

Levels and vault maps discovered:
D:1:      dpeg_arrival_pond, layout_loops_ring, serial_shops, shop,
          nicolae_concentric_dashed_squares_mild
D:2:      minmay_roachtagon, layout_loops_ring, basic_altar,
          uniq_crazy_yiuf_cottage

Action                     || total
---------------------------++-------
  Melee: Unarmed           ||     7
         Staff             ||    27
         Punch             ||     1
   Cast: Shock             ||    58
    Use: Scroll            ||     2
   Stab: Sleeping          ||     1
 Armour: Robe              ||     9
  Dodge: Dodged            ||    22
